 Dungeon Crawl Stone Soup version 0.30-a0-12-gd8047c6341 (webtiles) character file.

Game seed: 12708301506737931593

101 nickcage the Cudgeller (level 4, -3/39 HPs)
             Began as a Minotaur Abyssal Knight on Aug 23, 2022.
             Was a Believer of Lugonu.
             Slain by a gnoll
             ... wielding a +0 whip
              (5 damage)
             ... on level 2 of the Dungeon.
             The game lasted 00:03:21 (1629 turns).

nickcage the Cudgeller (Minotaur Abyssal Knight)    Turns: 1629, Time: 00:03:22

Health: -3/39      AC:  6    Str: 20    XL:     4   Next: 48%
Magic:  4/4        EV: 10    Int:  7    God:    Lugonu [**....]
Gold:   70         SH:  0    Dex: 10    Spells: 3/3 levels left

rFire   . . .      SeeInvis .    a - +1 mace
rCold   . . .      Faith    .    (no shield)
rNeg    . . .      Spirit   .    d - +0 scale mail
rPois   .          Reflect  .    (helmet restricted)
rElec   .          Harm     .    (no cloak)
rCorr   .          Rampage  .    (no gloves)
Will    .....                    (no boots)
Stlth   ..........               (no amulet)
HPRegen 0.13/turn                (no ring)
MPRegen 0.09/turn                (no ring)

@: no status effects
A: horns 2, retaliatory headbutt
a: Renounce Religion, Depart the Abyss, Bend Space


You were on level 2 of the Dungeon.
You worshipped Lugonu.
Lugonu was pleased with you.
You visited 1 branch of the dungeon, and saw 2 of its levels.
You visited the Abyss 1 time.

You collected 70 gold pieces.

Inventory:

Hand Weapons
 a - a +1 mace (weapon)
Armour
 b - a +0 leather armour
 d - a +0 scale mail (worn)
Jewellery
 i - a +6 ring of dexterity
Scrolls
 e - a scroll of butterflies {unknown}
 f - 3 scrolls of identify {unknown}
 h - 3 scrolls of teleportation {unknown}
 k - a scroll of enchant weapon {unknown}
Potions
 c - 3 potions of might {unknown}
 g - a potion of haste {unknown}
 j - a potion of degeneration {unknown}


   Skills:
 - Level 3.6 Fighting
 + Level 5.8 Maces & Flails
 - Level 2.4 Armour
 - Level 1.1 Dodging
 - Level 1.7 Invocations


You had 3 spell levels left.
You didn't know any spells.
Your spell library was empty.

Dungeon Overview and Level Annotations

Branches:
Dungeon (2/15)

Altars:
Kikubaaqudgha


Innate Abilities, Weirdness & Mutations

You have a pair of horns on your head.
You reflexively headbutt those who attack you in melee.


Message History

The gnoll shouts! x3; You hear a shout!
The gnoll hits you from afar with a +0 halberd!
A gnoll comes into view. It is wielding a +0 spear.
The gnoll throws a throwing net.
The throwing net hits you.
You become entangled in the net!
You see here a throwing net.
You struggle against the net.
You struggle against the net.
The gnoll hits you but does no damage.
You rip the net and break free!
The gnoll closely misses you.
The gnoll throws a throwing net.
The throwing net hits you.
You become entangled in the net!
You see here a throwing net.
You struggle against the net.
You tear a large gash into the net.
The gnoll hits you but does no damage.
You struggle against the net.
The gnoll hits you from afar with a +0 halberd.
You rip the net and break free!
The gnoll barely misses you. The gnoll barely misses you.
You furiously retaliate!
You headbutt the gnoll. You barely miss the gnoll.
The gnoll is lightly wounded.
The gnoll hits you with a +2 whip of distortion.
Space warps horribly around you!
* * * LOW HITPOINT WARNING * * *
The gnoll closely misses you.
The gnoll hits you with a +2 whip of distortion!
* * * LOW HITPOINT WARNING * * *
You blink.
You don't have enough health at the moment.
The gnoll hits you but does no damage. The gnoll attacks as you move away!
The gnoll hits you but does no damage. The gnoll attacks as you move away!
The gnoll hits you but does no damage. The gnoll attacks as you move away!
The gnoll hits you but does no damage. The gnoll attacks as you move away!
The gnoll hits you but does no damage. The gnoll attacks as you move away!
The gnoll hits you with a +0 whip.
* * * LOW HITPOINT WARNING * * *
The gnoll attacks as you move away! The gnoll barely misses you.
You furiously retaliate!
You headbutt the gnoll, but do no damage.
The gnoll attacks as you move away! The gnoll hits you with a +0 whip.
You die...

#.####.#........##...
#.##..g#........##.#.
#.#####.##.###........##.#.
...........................
###.##.###........##.#.
#.##.# #........##...
#g##g# #############.
#.##g### #. #g##@..# #.
#.##...# #. #.##...# #.
###.##...# #. .##......###
## #..........#
##.##......# . #.........#
.. ####### ###.####.# ...
#......


You could see 2 gnolls.

Vanquished Creatures
  Natasha (twice) (D:2)
  2 adders (D:2)
  A worm (D:2)
  2 endoplasms
  A giant cockroach (D:2)
  2 goblins (D:2)
  2 hobgoblins (D:2)
  4 quokkas (D:2)
  5 ball pythons
  4 bats
  2 kobolds (D:2)
  3 rats
30 creatures vanquished.

Notes
Turn   | Place    | Note
-------+----------+-------------------------------------------
     0 | Abyss:1  | nickcage the Minotaur Abyssal Knight began the quest for
                  | the Orb.
     0 | Abyss:1  | Reached XP level 1. HP: 19/19 MP: 1/1
     1 | D:1      | Escaped the Abyss
   314 | D:1      | Found a faded altar of an unknown god.
   423 | D:1      | Reached skill level 3 in Maces & Flails
   795 | D:2      | Reached XP level 2. HP: 26/26 MP: 2/2
   844 | D:2      | Found an ancient bone altar of Kikubaaqudgha.
   897 | D:2      | Reached skill level 4 in Maces & Flails
  1053 | D:2      | Noticed Natasha
  1057 | D:2      | Noticed a crimson imp
  1060 | D:2      | Noticed a crimson imp
  1060 | D:2      | Killed Natasha
  1061 | D:2      | Reached XP level 3. HP: 9/31 MP: 3/3
  1286 | D:2      | Reached skill level 5 in Maces & Flails
  1322 | D:2      | Noticed Natasha
  1329 | D:2      | Killed Natasha
  1330 | D:2      | Reached XP level 4. HP: 34/39 MP: 4/4
  1609 | D:2      | HP: 1/39 [gnoll/+2 whip of distortion (7)]
  1629 | D:2      | Slain by a gnoll

Illustrated notes

Levels and vault maps discovered:
D:1:      matt_arrival_grand_opening, layout_basic,
          hellmonk_ecumenical_altar_run_dry
D:2:      layout_basic, basic_altar, minmay_diced_spiral, uniq_terence,
          uniq_natasha

Skill      XL: |  1  2  3 |
---------------+----------+-----
Maces & Flails | 3 4 5 |  5.8
Fighting       | |  3.6
Armour         | |  2.4
Dodging        | |  1.1
Invocations    | |  1.7

Action                   |  1- 3 |  4- 6 || total
-------------------------+-------+-------++-------
Melee: Mace              |    56 |    15 ||    71
       Headbutt          |    11 |     1 ||    12
Armor: Scale mail        |    21 |    12 ||    33
Dodge: Dodged            |    35 |    11 ||    46

Table legend: (Time is in decaauts)
 A = Elapsed time spent in this place.
 B = Non-inter-level travel time spent in this place.
 C = Inter-level travel time spent in this place.
 D = Time resting spent in this place.
 E = Time spent auto-exploring this place.
 F = Levels seen in this place.
 G = Mean time per level.
                   A        B        C        D        E       F      G
               +--------+--------+--------+--------+--------+-----+--------+
         Total |   1659 |   1651 |      8 |    212 |   1177 |   3 |  553.0 |
       Dungeon |   1658 |   1650 |      8 |    212 |   1177 |   2 |  829.0 |
         Abyss |      1 |      1 |      0 |      0 |      0 |   1 |    1.0 |
               +--------+--------+--------+--------+--------+-----+--------+

Top non-repeatable levels by time:
     D:2: 866 daAuts
     D:1: 791 daAuts
 Abyss:1: 1 daAuts
